 Dungeon Crawl Stone Soup version 0.31-a0-460-g9e667d4245 (webtiles) character file.

Game seed: 16404182275312512552

63 Theyli the Conjurer (level 4, 0/30 HPs)
             Began as a Merfolk Conjurer on July 25, 2023.
             Slain by an orc priest
             ... wielding a +0 flail
              (3 damage)
             ... on level 3 of the Dungeon on Aug 4, 2023.
             The game lasted 00:07:34 (2547 turns).

Theyli the Conjurer (Merfolk Conjurer)              Turns: 2547, Time: 00:07:35

Health: 0/30       AC:  2    Str:  7    XL:     4   Next: 10%
Magic:  1/7        EV: 12    Int: 19    God:
Gold:   56         SH:  0    Dex: 12    Spells: 6/7 levels left

rFire   . . .        l - +2 dagger (protect)
rCold   . . .        (no shield)
rNeg    . . .        a - +0 robe
rPois   .            (no helmet)
rElec   .            (no cloak)
rCorr   .            (no gloves)
SInv    .            (no boots)
Will    .....        (no amulet)
Stlth   ++           (no ring)
HPRegen 0.25/turn    (no ring)
MPRegen 0.10/turn

%: no passive effects
@: attractive
A: (nimble swimmer 2), mertail
a: no special abilities


You were on level 3 of the Dungeon.
You visited 1 branch of the dungeon, and saw 3 of its levels.

You collected 56 gold pieces.

Inventory:

Hand Weapons
 c - a +0 dagger
 l - a +2 dagger of protection (weapon)
Armour
 a - a +0 robe (worn)
Scrolls
 f - a scroll of noise {unknown}
 i - a scroll of immolation {unknown}
 n - a scroll of teleportation {unknown}
Potions
 b - a potion of magic
 e - a potion of lignification {unknown}
 g - a potion of degeneration {unknown}
 h - a potion of might {unknown}
 j - a potion of haste {unknown}
 k - a potion of cancellation {unknown}


   Skills:
 + Level 1.2 Short Blades
 + Level 3.1 Dodging
 + Level 2.6 Stealth
 + Level 2.4 Spellcasting
 + Level 4.0 Conjurations


You had 6 spell levels left.
You knew the following spells:

 Your Spells              Type           Power      Damage    Failure   Level
a - Magic Dart            Conj           68%        1d6       3%          1

Your spell library contained the following spells:

 Spells                   Type           Power      Damage    Failure   Level
 Searing Ray              Conj           34%        2d5       4%          2
 Static Discharge         Conj/Air       18%        2-3/arc   11%         2
 Dazzling Flash           Conj/Hex       18%        N/A       22%         3
 Fulminant Prism          Conj/Hex       4%         3d5       56%         4
 Iskenderun's Mystic Bla  Conj/Tloc      9%         2d4       56%         4
 Airstrike                Air            1%         2d(1-17)  85%         4
 Summon Lightning Spire   Summ/Air       2%         N/A       85%         4


Dungeon Overview and Level Annotations

Branches:
Dungeon (3/15)

Altars:
Fedhas
Qazlal

Shops:
D:3 :


Innate Abilities, Weirdness & Mutations

((You are very nimble when in or above water. (Stealth+, EV+, Speed+++)))
Your lower body shifts to a powerful aquatic tail in water.


Message History

The orc priest hits you from afar with a +0 trident.
You closely miss the orc wizard.
The orc wizard is moderately wounded.
The orc wizard hits you but does no damage.
The orc priest closely misses you.
The orc priest miscasts a cantrip.
You closely miss the orc wizard.
The orc wizard is moderately wounded.
The orc wizard hits you with a +0 dagger.
The orc priest barely misses you.
The orc priest hits you but does no damage.
Blink to where?
Press: ? - help, Dir - move target, p - orc wizard
As you read the scroll labelled RUKUDGH GUSK, it crumbles to dust.
It was a scroll of blinking.
The orc priest is attracted toward you. The orc wizard is attracted toward you.
The orc priest is attracted toward you.
Aiming: Magic Dart (safe; 3% risk of failure)
Press: ? - help, Q - select action Shift-Dir - straight line, f - orc priest
Aim: an orc priest, wielding a +0 trident and wearing a +0 leather armour (100% to hit)
The magic dart hits the orc priest but does no damage.
The orc priest hits you with a +0 trident.
The orc wizard is attracted toward you. The orc priest is attracted toward you.
Aiming: Magic Dart (safe; 3% risk of failure)
Press: ? - help, Q - select action Shift-Dir - straight line, f/p - orc priest
Aim: an orc priest, wielding a +0 trident and wearing a +0 leather armour (100% to hit)
The magic dart hits the orc priest.
The orc priest is heavily wounded.
The orc priest invokes the aid of Beogh against you.
Beogh smites you!
* * * LOW HITPOINT WARNING * * *
Aiming: Magic Dart (safe; 3% risk of failure)
Press: ? - help, Q - select action Shift-Dir - straight line, f/p - orc priest
Aim: an orc priest, wielding a +0 trident and wearing a +0 leather armour (heavily wounded, 100% to hit)
The magic dart hits the orc priest.
The orc priest is severely wounded.
The orc priest hits you from afar with a +0 trident.
* * * LOW HITPOINT WARNING * * *
The orc priest attacks as you move away!
The orc priest hits you with a +0 flail.
You die...

.>.#### ####.#
...##############....#
#.................####
#########..#####..#
#...#..# #..# #......#
#..# ###.##.# #.o#
#.##.#####oo#
#....#....@.#
######.####.# )# .# .#
##


You could see 2 orc priests and an orc wizard.

Vanquished Creatures
  A worm (D:2)
  3 dart slugs
  An orc (D:3)
  6 bats (D:1)
  4 endoplasms
  2 giant cockroaches (D:1)
  7 goblins
  3 hobgoblins
  5 jackals
  3 quokkas (D:1)
  4 ball pythons
  A frilled lizard (D:2)
  3 kobolds
  2 rats
45 creatures vanquished.

Notes
Turn   | Place    | Note
-------+----------+-------------------------------------------
     0 | D:1      | Theyli the Merfolk Conjurer began the quest for the Orb.
     0 | D:1      | Reached XP level 1. HP: 13/13 MP: 3/3
   263 | D:1      | Reached XP level 2. HP: 5/19 MP: 0/5
   845 | D:1      | Reached XP level 3. HP: 24/24 MP: 3/6
  1014 | D:1      | Reached skill level 1 in Short Blades
  1308 | D:2      | Found a blossoming altar of Fedhas.
  1798 | D:2      | Upgraded the game from 0.31-a0-358-gac0dbeb3ab to
                  | 0.31-a0-460-g9e667d4245
  1801 | D:2      | Reached skill level 4 in Conjurations
  2154 | D:2      | Reached XP level 4. HP: 30/30 MP: 5/7
  2344 | D:3      | Found a stormy altar of Qazlal.
  2473 | D:3      | Found Hedgh's Book Shop.
  2547 | D:3      | Slain by an orc priest

Illustrated notes

Levels and vault maps discovered:
D:1:      evilmike_arrival_fibonacci_small, layout_loops_ring,
          hangedman_abyss_or_decor_stabs, item_on_display_a
D:2:      layout_basic, basic_altar
D:3:      layout_basic, grunt_qazlal_clouds,
          nicolae_overflow_hallway_of_the_gods, serial_shops,
          nicolae_shop_stone, minmay_misc_feat_alley

Skill      XL: |  1  2  3 |
---------------+----------+-----
Short Blades   | 1 |  1.2
Conjurations   | 4 |  4.0
Dodging        | 3 |  3.1
Stealth        | |  2.6
Spellcasting   | |  2.4

Action                     |  1- 3 |  4- 6 || total
---------------------------+-------+-------++-------
  Melee: Dagger            |    44 |     9 ||    53
   Cast: Magic Dart        |    88 |    13 ||   101
    Use: Scroll            |       |     1 ||     1
         Potion            |       |     1 ||     1
 Armour: Robe              |    17 |     6 ||    23
  Dodge: Dodged            |    27 |    11 ||    38

Table legend: (Time is in decaauts)
 A = Elapsed time spent in this place.
 B = Non-inter-level travel time spent in this place.
 C = Inter-level travel time spent in this place.
 D = Time resting spent in this place.
 E = Time spent auto-exploring this place.
 F = Levels seen in this place.
 G = Mean time per level.
                   A        B        C        D        E       F      G
               +--------+--------+--------+--------+--------+-----+--------+
         Total |   2543 |   2407 |    136 |      0 |   2087 |   3 |  847.7 |
       Dungeon |   2543 |   2407 |    136 |      0 |   2087 |   3 |  847.7 |
               +--------+--------+--------+--------+--------+-----+--------+

Top non-repeatable levels by time:
     D:1: 1306 daAuts
     D:2: 1010 daAuts
     D:3: 226 daAuts
